 Dungeon Crawl Stone Soup version 0.29.1-15-g9cfb28693d (webtiles) character file.

Game seed: 10803530132467225380

37 Heoruswealwe the Magician (level 3, -3/18 (19) HPs)
             Began as a Deep Elf Earth Elementalist on Apr 19, 2023.
             Slain by a goblin
             ... wielding a +0 dagger
             ... led by Robin
              (4 damage)
             ... on level 2 of the Dungeon.
             The game lasted 00:06:06 (864 turns).

Heoruswealwe the Magician (DEEE)                     Turns: 864, Time: 00:06:07

HP:   -3/18 (19)    AC:  2    Str:  5    XL:     3   Next: 21%
MP:   5/10          EV: 12    Int: 21    God:
Gold: 53            SH:  0    Dex: 15    Spells: 4/10 levels left

rFire   . . .      SeeInvis .   (no weapon)
rCold   . . .      Faith    .   (no shield)
rNeg    . . .      Spirit   .   c - +0 robe
rPois   +          Reflect  .   (no helmet)
rElec   .          Harm     .   (no cloak)
rCorr   .          Rampage  .   (no gloves)
Will    .....                   (no boots)
Stlth   ++........              (no amulet)
HPRegen 0.06/turn               k - ring of poison resistance
MPRegen 0.12/turn               (no ring)

@: drained
A: no striking features
a: no special abilities


You were on level 2 of the Dungeon.
You visited 1 branch of the dungeon, and saw 2 of its levels.

You collected 53 gold pieces.

Inventory:

Armour
 a - a +0 robe
 c - a +0 robe (worn)
 e - a +0 robe
Jewellery
 k - a ring of poison resistance (left hand)
Scrolls
 d - 6 scrolls of identify {unknown}
 f - a scroll of magic mapping {unknown}
Potions
 b - a potion of magic
 g - a potion of berserk rage {unknown}
 h - a potion of brilliance {unknown}
 i - 2 potions of lignification {unknown}
 j - 2 potions of heal wounds {unknown}
 l - 2 potions of degeneration {unknown}


   Skills:
 - Level 2.4 Dodging
 - Level 2.4 Stealth
 + Level 4.2 Spellcasting
 - Level 1.1 Transmutations
 + Level 4.1 Earth Magic


You had 4 spell levels left.
You knew the following spells:

 Your Spells              Type           Power      Damage    Failure   Level
a - Sandblast             Erth           42%        2d11      2%          1
b - Stone Arrow           Conj/Erth      26%        3d8       16%         3
z - Passwall              Tmut/Erth      12%        N/A       6%          2

Your spell library contained the following spells:

 Spells                   Type           Power      Damage    Failure   Level
 Petrify                  Tmut/Erth      15%        N/A       36%         4


Dungeon Overview and Level Annotations

Branches:
Dungeon (2/15)

Altars:

Annotations:
D:2 Robin


Message History

The hobgoblin shouts!
A goblin comes into view. It is wielding a +1 dagger of draining.
A goblin comes into view. It is wielding a +0 dagger.
A goblin comes into view. It is wielding a +0 club.
A goblin comes into view. It is wielding a +0 dagger.
The blast of sand hits the hobgoblin!!
You kill the hobgoblin!
Robin shouts!
Robin roars a battlecry!
The goblins go into a battle-frenzy!
A quokka comes into view.
Robin throws the goblin at you!
The blast of sand hits the goblin!
You kill the goblin!
The goblin shouts!
Robin throws the goblin at you!
A giant cockroach comes into view.
The blast of sand misses the goblin.
The goblin hits you with a +1 dagger of draining.
You feel drained. Robin throws the goblin at you!
The goblin closely misses you. The goblin barely misses you.
The goblin hits you with a +0 dagger.
The blast of sand hits the goblin!
You kill the goblin!
The goblin barely misses you. Robin throws the goblin at you!
The goblin hits you with a +0 dagger.
* * * LOW HITPOINT WARNING * * *
You are too injured to fight recklessly!
Casting: Sandblast (safe; 2% risk of failure)
Confirm with . or Enter, or press ? or * to list all spells.
Aiming: Sandblast (safe; 2% risk of failure)
Press: ? - help, Shift-Dir - straight line, f - goblin
Aim: a goblin, wielding a +0 club (strong, 79% to hit)
The blast of sand hits the goblin!
You kill the goblin!
The goblin barely misses you. The goblin closely misses you.
Robin throws the goblin at you!
* * * LOW HITPOINT WARNING * * *
The goblin misses you. The goblin hits you with a +0 dagger.
You die...

...##<............#
...##.######......#
...##.# ##.....#
#####.# ##..)..# .
#.# #....#.# .. #.#
####.#.# #..g #.#
#.... ...#. #.#
#####gg>..g #.#
#g@gr...# #.#
#g#####.#
#.#########.#
#...........#
###########.# #.#
#.# #.# #.#


You could see Robin, a quokka, a hobgoblin (strong) and 3 goblins.

Vanquished Creatures
  An adder (D:2)
  2 ball pythons (D:2)
  3 endoplasms
  A giant cockroach (D:1)
  7 goblins
  2 hobgoblins
  3 jackals (D:1)
  A bat (D:1)
  2 frilled lizards (D:1)
  4 rats (D:1)
26 creatures vanquished.

Notes
Turn   | Place    | Note
-------+----------+-------------------------------------------
     0 | D:1      | Heoruswealwe the Deep Elf Earth Elementalist began the
                  | quest for the Orb.
     0 | D:1      | Reached XP level 1. HP: 10/10 MP: 6/6
   298 | D:1      | Reached XP level 2. HP: 15/15 MP: 3/8
   302 | D:1      | Learned a level 2 spell: Passwall
   692 | D:1      | You fall into a shaft and drop 1 floor!
   717 | D:2      | Reached XP level 3. HP: 19/19 MP: 5/10
   721 | D:2      | Learned a level 3 spell: Stone Arrow
   857 | D:2      | Noticed Robin
   864 | D:2      | Slain by a goblin

Illustrated notes

Levels and vault maps discovered:
D:1:      lightli_arrival_quake, layout_basic
D:2:      layout_basic, uniq_crazy_yiuf_cottage, uniq_robin

Skill      XL: |  1  2 |
---------------+-------+-----
Spellcasting   | 4 |  4.2
Earth Magic    | 4 |  4.1
Dodging        | |  2.4
Stealth        | |  2.4
Transmutations | |  1.1

Action                   || total
-------------------------++-------
 Cast: Sandblast         ||    34
       Passwall          ||     1
Armor: Robe              ||     7
Dodge: Dodged            ||    17
